 Dungeon Crawl Stone Soup version 0.02-100-gc9e1e00884 (webtiles) character file.

Game seed: 9195551792366288955, levelgen mode: deterministic

3 Dyss the Firebug (level 1, 0/10 HPs) Silent Spectre Fire Elementalist. Began on Aug 5, 2020. Slain by a kobold (3 damage) ... on level 1 of the Dungeon on Sept 22, 2020. The game lasted 00:02:23 (72 turns).

Dyss the Firebug (Silent Spectre Fire Elementalist)   Turns: 72, Time: 00:02:24

Health: 0/10       AC:  2    Str:  4    XL:     1 ^: 7
Magic:  1/6        EV: 15    Int: 17    God:
Gold:   0          SH:  0    Dex: 17    Spells: 3/4 levels left

rFire    . . .     Vision   .   (no weapon)
rCold    . . .     Gourm    .   (no weapon)
rNeg     + + +     Faith    .   a - +0 robe
rPois    ∞         Spirit   .   (no helmet)
rElec    .         Reflect  .   (no cloak)
rCorr    .         Harm     .   (no gloves)
MR       .....                  (no boots)
Stlth    ++........             (no amulet)
HPRegen  0.13/turn              (no ring)
MPRegen  0.16/turn              (no ring)

@: very slightly contaminated, silenced
A: silence aura, negative energy resistance 3, torment resistance, unbreathing,
petrification resistance, silent casting, insubstantial
a: no special abilities


You were on level 1 of the Dungeon.
You were not hungry.

You visited 1 branch of the dungeon, and saw 1 of its levels.

Inventory:

Armour
 a - a +0 robe (worn)


   Skills:
 - Level 2.4 Dodging
 - Level 2.4 Stealth
 - Level 2.2 Spellcasting
 * Level 3.2 Fire Magic


You had 3 spell levels left.
You knew the following spells:

 Your Spells              Type           Power        Failure   Level  Hunger
a - Foxfire               Fire           12 (25)      7%          1    N/A

Your spell library contained the following spells:

 Spells                   Type           Power        Failure   Level  Hunger
 Searing Ray              Fire           12 (50)      11%         2    N/A
 Conjure Flame            Fire           12 (100)     21%         3    N/A
 Inner Flame              Hex/Fire       7 (100)      36%         3    N/A
 Sticky Flame             Fire/Pois      7 (100)      75%         4    N/A
 Fireball                 Fire           12 (200)     85%         5    N/A

Dungeon Overview and Level Annotations

Branches:
Dungeon (1/8)

Altars:


Innate Abilities, Weirdness & Mutations

You are surrounded by an aura of unnatural quiet.
You are immune to poison.
You are immune to negative energy. (rN+++)
You are immune to unholy pain and torment.
You can survive without breathing.
You are immune to petrification.
You can communicate with gods and cast spells while silenced.
Your insubstantial form boosts your evasion and grants immunity to sticky flames, nets and constriction.


Message History

The cinder newt is heavily wounded. (6/11) HP The cinder newt closely misses you (0).
You hit the cinder newt but do no damage.
The cinder newt is heavily wounded. (6/11) HP You hit the cinder newt but do no damage.
The cinder newt is heavily wounded. (6/11) HP The goblin barely misses you (0).
The kobold closely misses you (0).
You hit the cinder newt but do no damage.
The cinder newt is heavily wounded. (6/11) HP You barely miss the cinder newt.
The cinder newt is heavily wounded. (6/11) HP The cinder newt misses you (0).
The cinder newt blocks your attack.
You hit the cinder newt (1).
The cinder newt is heavily wounded. (5/11) HP The goblin hits you with a +0 club (3).
The kobold barely misses you (0). The cinder newt blocks your attack.
You closely miss the cinder newt. The cinder newt bites you (1).
The cinder newt burns you!
* * * LOW HITPOINT WARNING * * *
The kobold hits you (3).
You die...

##. #.. #.####.#
#...g..# #)# #.#
########### #†#
#....<....# #.#
#...@gl...# #.#
#....K....# #.#
#..#...#..# #g#
#.........####K#
#.........#...)#
#..#...#..###g.######
#....○§§..#.K........
....°§§○☼...##?######
..#.8.#..####.#


You could see a cinder newt, a goblin and a kobold.

Vanquished Creatures
  A bat (D:1)
  2 goblins (D:1)
3 creatures vanquished.

Vanquished Creatures (others)
  12 foxfires (D:1)
12 creatures vanquished.

Grand Total: 15 creatures vanquished

Notes
Turn   | Place    | Note
-------+----------+-------------------------------------------
     0 | D:1      | Dyss the Silent Spectre Fire Elementalist began the quest
                  | for the Orb.
     0 | D:1      | Reached XP level 1. HP: 10/10 MP: 6/6
     0 | D:1      | Upgraded the game from 0.02-1-gc4eb60e977 to
                  | 0.02-100-gc9e1e00884
    72 | D:1      | Slain by a kobold

Levels and vault maps discovered:
D:1:      shiori_arrival_oz, layout_loops_ring, first_ration, minmay_3d_cube

Action                   || total
-------------------------++-------
Melee: Unarmed           ||    12
 Cast: Foxfire           ||    11
Armor: Robe              ||     2
Dodge: Dodged            ||    12
